 Dungeon Crawl Stone Soup version 0.28.0-49-g6dfe1f597d (webtiles) character file.

Game seed: 9558941463784842649

20 Zeld the Magician (level 3, 25/27 HPs)
             Began as a Djinni Conjurer on May 17, 2022.
             Quit the game on level 1 of the Dungeon.
             The game lasted 00:00:59 (750 turns).

Zeld the Magician (Djinni Conjurer)                  Turns: 750, Time: 00:01:00

Health: 25/27      AC:  2    Str:  8    XL:     3   Next: 0%
Gold:   32         EV: 12    Int: 19    God:
                   SH:  0    Dex: 11

rFire   + + .      SeeInvis .   b - +2 dagger (venom)
rCold   x . .      Faith    .   (no shield)
rNeg    . . .      Spirit   .   a - +0 robe
rPois   ∞          Reflect  .   (no helmet)
rElec   .          Harm     .   (no cloak)
rCorr   .          Rampage  .   (no gloves)
Will    .....                   (boots unavailable)
Stlth   ++........              (no amulet)
HPRegen 0.09/turn               (no ring)
MPRegen 0.00/turn               (no ring)

@: flying
A: sickness immunity, fire resistance 2, cold vulnerability 1, float, innate
caster, HP casting, extra vitality 1
a: no special abilities


You were on level 1 of the Dungeon.
You visited 1 branch of the dungeon, and saw 1 of its levels.

You collected 32 gold pieces.

Inventory:

Hand Weapons
 b - a +2 dagger of venom (weapon)
Armour
 a - a +0 robe (worn)


   Skills:
 * Level 1.1 Fighting
 + Level 2.5 Dodging
 + Level 1.8 Stealth
 * Level 3.4 Spellcasting


You couldn't memorise any spells.
You knew the following spells:

 Your Spells              Type           Power      Damage    Failure   Level
a - Magic Dart            Conj           64%        1d6       3%          1
b - Searing Ray           Conj           32%        2d5       5%          2
c - Dazzling Flash        Conj/Hex       32%        N/A       11%         3
d - Fulminant Prism       Conj/Hex       8%         3d7       34%         4
e - Iskenderun's Mystic   Conj/Tloc      16%        2d5       34%         4
f - Beastly Appendage     Tmut           32%        N/A       3%          1
Your spell library was empty.

Dungeon Overview and Level Annotations

Branches:
Dungeon (1/15)

Altars:


Innate Abilities, Weirdness & Mutations

You are immune to sickness and miasma.
You are immune to poison.
Your flesh is very heat resistant. (rF++)
You are vulnerable to cold. (rC-)
You float through the air rather than walking.
You learn spells naturally, not from books.
Your magical power is your life essence.
You have superior vitality. (+4 MHP)


Message History

A giant cockroach is nearby!
Things that are here:
a +0 dagger; a kobold corpse The giant cockroach bites you but does no damage.
You hit the giant cockroach.
The giant cockroach is almost dead.
The giant cockroach bites you.
A giant cockroach is nearby!
You hit the giant cockroach.
You kill the giant cockroach!
No target in view!
Found 17 stones.
A bat comes into view.
A bat is nearby!
A bat is nearby!
The bat hits you. The bat hits you but does no damage.
A bat is nearby!
The bat closely misses you.
A bat is nearby!
The bat closely misses you. The bat misses you.
You closely miss the bat. The bat hits you. The bat closely misses you.
A bat is nearby!
The bat barely misses you. The bat misses you.
A bat is nearby!
The bat closely misses you.
A bat is nearby!
A bat is nearby!
You closely miss the bat. The bat completely misses you.
A bat is nearby!
You hit the bat.
The bat is poisoned.
The bat is moderately wounded.
You kill the bat!
You have reached level 3!
Your experience leads to an increase in your attributes!
Increase (S)trength, (I)ntelligence, or (D)exterity?
You feel stronger. x2
The power to cast Beastly Appendage wells up from within.
Spell assigned to 'f'.
Are you sure you want to abandon this character and quit the game? (Confirm with "yes".)

....##...................#.......
...................##...##.##....
.>...............................
.........##...##...##.#....#####.
....##...##...##...##.#.#...# #.
....##...#.........##...#...####.
..####...#........#..............
.(..............†.+..............
................@.#............†.
............................#####
...........................## #..
.######....................####..
...)#............................
....#............................
....#.................##.......#.
)...#..........................#.
....#............(......#......#.


There were no monsters in sight!

Vanquished Creatures
  A dart slug (D:1)
  A bat (D:1)
  3 endoplasms (D:1)
  2 giant cockroaches (D:1)
  4 frilled lizards (D:1)
  3 goblins (D:1)
  2 kobolds (D:1)
  A rat (D:1)
17 creatures vanquished.

Notes
Turn   | Place    | Note
-------+----------+-------------------------------------------
     0 | D:1      | Zeld the Djinni Conjurer began the quest for the Orb.
     0 | D:1      | Reached XP level 1. HP: 15/15 MP: 0/0
   171 | D:1      | Reached XP level 2. HP: 11/22 MP: 0/0
   581 | D:1      | Reached skill level 1 in Fighting
   750 | D:1      | Reached XP level 3. HP: 25/27 MP: 0/0
   750 | D:1      | Learned a level 1 spell: Beastly Appendage
   750 | D:1      | Quit the game

Illustrated notes

Levels and vault maps discovered:
D:1:      dpeg_arrival_tiny_g, layout_basic, amethyst_killhole

Skill      XL: |  1  2 |
---------------+-------+-----
Fighting       | 1 |  1.1
Dodging        | |  2.5
Stealth        | |  1.8
Spellcasting   | |  3.4

Action                   || total
-------------------------++-------
Melee: Dagger            ||     5
 Cast: Magic Dart        ||    34
Armor: Robe              ||     4
Dodge: Dodged            ||    11
